Map: Lock & Load

Players

NamroodTuo

  • Race: Terran Terran
  • Spawn Location: 6:00

BlackKaiser

  • Race: Zerg Zerg
  • Spawn Location: 7:00

VOD

Have the link to the VOD?

Description

Time

  • Played on: Feb. 11, 2023, 7:09 a.m.
  • Length: 21:50
Show
View Real Time Build Order
Export as new Build Order

NamroodTuo Terran 

Build Orders:  

Get SALT Encoding   

  12  0:03  SCV  
  13  0:17  SCV  
  14  0:30  SCV  
  14  0:33  Supply Depot  
  15  0:45  SCV  
  16  0:59  SCV  
  17  1:09  Supply Depot  
  17  1:12  SCV  
  18  1:26  SCV  
  19  1:40  SCV  
  19  1:45  Factory  
  20  1:53  SCV  
  21  2:07  SCV  
  22  2:16  Devastation Turret  
  22  2:20  SCV  
  23  2:32  Devastation Turret  
  23  2:34  SCV  
  24  2:41  Refinery  
  24  2:47  SCV, Refinery  
  25  3:01  SCV  
  26  3:15  SCV  
  27  3:23  Armory  
  27  3:28  SCV  
  28  3:42  SCV  
  28  3:47  Upgrade Laser Drill Level 1  
  29  3:55  SCV  
  30  4:09  SCV  
  31  4:34  Supply Depot  
  31  4:44  Factory Tech Reactor  
  31  4:48  SCV  
  32  4:51  Goliath  
  32  4:52  Supply Depot  
  34  5:03  Regenerative Bio-Steel  
  34  5:13  Engineering Bay  
  34  5:21  Supply Depot  
  34  5:28  SCV  
  35  5:42  SCV  
  35  5:46  Perdition Turret  
  36  6:00  Supply Depot  
  36  6:10  Fire-Suppression Systems, Perdition Turret  
  36  6:14  Perdition Turret  
  36  6:28  Factory Tech Reactor  
  36  6:36  Factory  
  36  6:39  Perdition Turret  
  36  7:15  Command Center  
  36  7:20  Goliath x2  
  40  8:00  Spinning Dizzy  
  40  8:01  Spinning Dizzy  
  40  8:12  Devastation Turret  
  40  8:15  Spinning Dizzy  
  40  8:18  Perdition Turret  
  40  8:23  Perdition Turret  
  40  8:27  Factory Tech Reactor  
  40  8:34  Ares-Class Targeting System  
  40  8:41  Perdition Turret  
  40  8:47  Terran Vehicle and Ship Weapons Level 1  
  38  9:12  SCV  
  39  9:26  SCV  
  40  9:34  Multi-Lock Weapons System  
  40  9:39  SCV  
  40  9:43  Supply Depot  
  40  9:46  Supply Depot  
  40  9:49  Supply Depot  
  41  9:50  Supply Depot  
  41  9:53  SCV  
  42  10:07  SCV  
  43  10:15  KMC Auto-Loaders  
  43  10:20  SCV  
  44  10:34  SCV  
  45  10:43  Upgrade Laser Drill Level 2  
  45  10:44  Refinery  
  45  10:47  SCV, Refinery  
  45  10:49  Goliath  
  48  10:59  Goliath  
  50  11:01  SCV  
  51  11:14  SCV  
  52  11:27  Terran Vehicle And Ship Armor Level 1  
  52  11:45  Structure Armor, Starport  
  52  12:21  Supply Depot  
  52  12:45  Hi-Sec Auto Tracking  
  52  12:46  Supply Depot  
  52  12:51  Goliath x4  
  52  12:56  SCV  
  61  13:08  Supply Depot  
  61  13:10  SCV  
  62  13:23  Goliath x4  
  62  13:24  SCV  
  71  13:46  Perdition Turret  
  71  14:07  Advanced Optics  
  71  14:26  Goliath  
  71  14:27  Goliath x3  
  79  14:58  Goliath  
  79  14:59  Goliath x3  
  87  15:06  Starport Tech Reactor  
  87  15:14  Supply Depot  
  87  15:34  Supply Depot  
  87  15:55  Supply Depot  
  87  16:07  Terran Vehicle and Ship Weapons Level 2  
  87  16:17  Supply Depot  
  87  16:18  Goliath x4  
  95  16:50  Goliath x3, Science Vessel  
  95  16:51  Science Vessel  
  95  16:57  Defensive Matrix  
  105  17:04  Supply Depot  
  105  17:07  Supply Depot  
  105  17:12  Goliath  
  107  17:36  Supply Depot  
  107  17:38  Science Vessel  
  107  17:39  Science Vessel  
  111  17:42  Supply Depot  
  105  18:18  Perdition Turret  
  105  18:26  Science Vessel  
  105  18:27  Improved Nano-Repair, Science Vessel  
  109  18:35  Spinning Dizzy  
  109  18:44  SCV  
  110  18:55  Goliath x3  
  110  18:56  Goliath  
  110  18:57  SCV  
  110  18:58  Spinning Dizzy  
  119  19:11  SCV  
  120  19:20  Perdition Turret  
  120  19:24  SCV  
  121  19:38  SCV  
  122  19:46  Perdition Turret  
Show
View Real Time Build Order
Export as new Build Order

BlackKaiser Zerg 

Build Orders:  

Get SALT Encoding   

  12  0:26  Overlord x2  
  12  1:41  Drone x4  
  12  1:42  Drone x4  
  12  1:43  Drone  
  21  2:01  Drone x2  
  23  2:12  Drone  
  23  2:19  Drone  
  25  2:32  Hatchery  
  24  2:41  Roach Warren  
  23  2:58  Extractor  
  23  2:59  Drone  
  23  3:00  Drone x2  
  23  3:08  Extractor  
  24  3:13  Drone x2  
  24  3:14  Drone  
  27  3:28  Roach x3  
  33  3:39  Overlord  
  33  3:43  Overlord  
  33  3:53  Overlord  
  33  4:00  Overlord  
  33  4:09  Overlord  
  33  4:17  Overlord  
  33  4:49  Glial Reconstitution  
  33  5:10  Drone x2  
  33  5:11  Drone x4  
  33  5:12  Drone x2  
  33  5:16  Drone  
  42  5:47  Hatchery  
  41  5:50  Extractor  
  41  5:55  Unknown, Hydriodic Bile  
  40  6:31  Extractor  
  39  7:02  Roach  
  39  7:24  Brutalisk  
  39  7:55  Drone x4  
  39  7:56  Drone x5  
  48  8:06  Overlord x5  
  48  8:07  Overlord x4  
  48  8:15  Lair  
  48  8:20  Drone  
  48  8:21  Drone  
  48  8:24  Drone  
  48  8:25  Drone x2  
  53  8:39  Roach  
  53  9:01  Brutalisk  
  53  9:50  Spire  
  53  9:52  Spire  
  51  10:00  Infestation Pit  
  51  10:02  Evolution Chamber  
  51  10:05  Bloated Bile Ducts  
  51  10:07  Evolution Chamber  
  48  10:14  Ventral Sacs  
  48  10:19  Zerg Flyer Weapons Level 1  
  48  10:21  Zerg Flyer Armor Level 1  
  48  10:22  Bio-Mechanical Transfusion  
  48  10:28  Incubation Chamber  
  48  10:52  Overseer x2  
  48  10:53  Overseer  
  48  10:57  Zerg Missile Weapons Level 1  
  48  10:59  Tunneling Claws  
  48  11:04  Zerg Ground Armor Level 1  
  48  11:09  Roach  
  48  11:31  Brutalisk  
  48  11:55  Rapid Regeneration  
  48  11:56  Mutalisk x3  
  48  11:57  Vicious Glave  
  54  13:06  Queen x2  
  58  13:34  Zerg Missile Weapons Level 2  
  58  13:35  Zerg Ground Armor Level 2  
  58  13:36  Queen x2  
  58  13:38  Zerg Flyer Weapons Level 2  
  58  13:40  Zerg Flyer Armor Level 2  
  58  13:42  Hive  
  62  14:06  Queen x2  
  62  14:14  Mutalisk  
  62  14:28  Mutalisk  
  66  14:36  Queen x2  
  66  14:42  Mutalisk, Leviathan  
  66  14:56  Leviathan  
  70  15:10  Leviathan  
  70  15:24  Greater Spire  
  70  16:09  Greater Spire  
  70  16:36  Roach  
  70  16:37  Roach x5  
  70  16:38  Roach x3  
  88  16:50  Roach x2  
  88  16:51  Roach x6, Mutalisk x3  
  88  16:52  Roach, Mutalisk x5  
  88  16:53  Mutalisk  
  88  16:56  Mutalisk  
  108  17:08  Ravager x2  
  108  17:09  Ravager x6  
  116  17:10  Ravager  
  116  17:13  Mutalisk x2  
  116  17:14  Mutalisk x2  
  116  17:15  Mutalisk  
  116  17:16  Mutalisk x2  
  116  17:17  Mutalisk x3  
  117  17:34  Devourer x2  
  117  17:35  Sundering Glave, Devourer x3  
  117  17:38  Guardian x2  
  117  17:39  Guardian x2  
  117  17:40  Guardian  
  117  19:27  Zerg Flyer Weapons Level 3  
  117  19:29  Zerg Flyer Armor Level 3  
  117  19:33  Zerg Missile Weapons Level 3  
  117  19:35  Zerg Ground Armor Level 3  
  117  19:38  Potent Bile  
Tags
 
Commander
AbathurSwann
Matchup
Co-op
Replay Pack
Multiplayer
Add a new tag
Caveats
  • Supply blocks, unpowered buildings, or Contaminate may cause inaccurate times.
  • Supply counts are checked every 10 seconds.